[Event "Early-Titled-Tuesday-Blitz-April-23-2024"]
[Site "Chess.com"]
[Date "2024.04.23"]
[Round "3"]
[White "LaPiToB"]
[Black "Der_Balak_3Halak"]
[Result "1-0"]
[WhiteElo "2282"]
[BlackElo "2438"]
[TimeControl "180+1"]
[EndTime "8:28:23 PDT"]
[Termination "LaPiToB won by checkmate"]

1. c4 c6 2. d4 d5 3. cxd5 cxd5 4. Bf4 Nc6 5. e3 e6 6. Nc3 Bd6 7. Bxd6 Qxd6 8. f4 Nge7 9. Nf3 Nf5 10. Qd2 a6 11. g4 Nfe7 12. Bd3 Bd7 13. h4 b5 14. Rc1 h5 15. g5 g6 16. Ne5 O-O 17. Ne2 Rac8 18. Ng3 Nxe5 19. fxe5 Rxc1+ 20. Qxc1 Qb4+ 21.
Kf2 Nf5 22. Bxf5 exf5 23. Rd1 f4 24. exf4 Bg4 25. Rd2 Rc8 26. Qe1 Rc4 27. Qe3 Rc1 28. f5 Qc4 29. fxg6 fxg6 30. e6 Rc2 31. e7 Rxd2+ 32.
Qxd2 Kf7 33. Qe3 Qc2+ 34. Ne2 Bxe2 35. e8=Q+ Kg7 36. Q3e5+ Kh7 37. Q8h8# 1-0

[Event "Early-Titled-Tuesday-Blitz-April-23-2024"]
[Site "Chess.com"]
[Date "2024.04.23"]
[Round "3"]
[White "aloe_normansen"]
[Black "zurzan"]
[Result "0-1"]
[WhiteElo "2546"]
[BlackElo "2125"]
[TimeControl "180+1"]
[EndTime "8:28:24 PDT"]
[Termination "zurzan won on time"]

1. e4 c5 2. Nf3 g6 3. d4 cxd4 4. Nxd4 Nf6 5. Nc3 Nc6 6. Nxc6 bxc6 7. e5 Ng8 8. Bc4 Bg7 9. f4 Nh6 10. O-O O-O 11. Be3 d6 12. Bd4 d5 13. Bd3 Bg4 14. Qd2 Bf5 15. Kh1 Bxd3 16. Qxd3 Nf5 17. Bg1 e6 18. b3 c5 19. Bxc5 Re8 20. Bf2 Qa5 21. Ne2 Rac8 22. g4 Ne7 23. Bh4 Nc6 24. c3 Qc5 25.
Bf6 Bf8 26. g5 Ne7 27. Rf3 Nf5 28. Rh3 d4 29. cxd4 Qc2 0-1

[Event "Early-Titled-Tuesday-Blitz-April-23-2024"]
[Site "Chess.com"]
[Date "2024.04.23"]
[Round "3"]
[White "mr65"]
[Black "AlainBruxelles"]
[Result "0-1"]
[WhiteElo "1961"]
[BlackElo "2347"]
[TimeControl "180+1"]
[EndTime "8:28:25 PDT"]
[Termination "AlainBruxelles won on time"]

1. e4 c5 2. d4 cxd4 3. c3 dxc3 4.
Nxc3 e6 5. Nf3 d6 6. Bc4 a6 7.
O-O Nc6 8. Qe2 Nf6 9. Rd1 Qc7 10. h3 Be7 11. Bf4 Ne5 12. Bb3 O-O 13. Rac1 Qb8 14. a3 Bd7 15. Bg5 Nxf3+ 16. Qxf3 Bc6 17. Qe2 Re8 18. Bf4 Nd7 19. Qd2 Nc5 20. Bc2 Rd8 21. b4 Nd7 22. Bxd6 Bxd6 23. Qxd6 Nf6 24. Qxb8 Raxb8 25. a4 Kf8 26. f3 Rbc8 27. b5 Rxd1+ 28. Rxd1 axb5 29. a5 b4 30. Na2 Bb5 31. Bb3 Ke7 32. Nxb4 Ra8 33. Ra1 Nd7 34. Kf2 Nc5 35. Bc2 b6 36.
Rb1 Rxa5 37. Ke3 Bd7 38. e5 b5 39. f4 g6 40. h4 Ra3+ 41. Kd4 Na4 42. Bxa4 bxa4 0-1

[Event "Early-Titled-Tuesday-Blitz-April-23-2024"]
[Site "Chess.com"]
[Date "2024.04.23"]
[Round "3"]
[White "Ramla2020"]
[Black "HamedWafa4"]
[Result "0-1"]
[WhiteElo "2512"]
[BlackElo "2733"]
[TimeControl "180+1"]
[EndTime "8:28:27 PDT"]
[Termination "HamedWafa4 won by resignation"]

1. c4 e5 2. g3 Nf6 3. Bg2 c6 4. d4 e4 5. d5 Bb4+ 6. Bd2 Bc5 7. Nc3 Qe7 8. e3 d6 9. Qc2 Bf5 10. a3 a5 11. Rb1 cxd5 12. b4 axb4 13. axb4 Bb6 14.
cxd5 O-O 15. Nge2 Nbd7 16. O-O Ne5 17. Na4 Bc7 18. Nd4 Bg6 19. b5 Rfc8 20. Qb3 Nd3 21. b6 Bd8 22. f4 exf3 23. Bxf3 Qd7 24. Nb5 Ne5 25. Bg2 Bc2 26. Qb2 Bxa4 27. Nc7 Bxc7 28. bxc7 Rxc7 29. Bc3 Re8 30. Bd4 Rc2 31. Qb4 b5 32.
Rf4 Nd3 33. Qa3 Nxf4 34. exf4 Qf5 35. Qf3 Rxg2+ 36. Kxg2 Qxb1 37. Bxf6 gxf6 38. Qg4+ Kh8 39. Qd7 Qe4+ 40. Kg1 Qe7 41. Qf5 Bd1 42. Qh5 Bxh5 0-1

[Event "Early-Titled-Tuesday-Blitz-April-23-2024"]
[Site "Chess.com"]
[Date "2024.04.23"]
[Round "3"]
[White "Shiner22"]
[Black "YurasovMat-2012"]
[Result "1-0"]
[WhiteElo "2344"]
[BlackElo "2585"]
[TimeControl "180+1"]
[EndTime "8:28:27 PDT"]
[Termination "Shiner22 won on time"]

1. e4 e5 2. Nf3 Nf6 3. Nxe5 d6 4.
Nxf7 Kxf7 5. Nc3 Be6 6. d4 g6 7. f4 Bg7 8. Bd3 Re8 9. O-O Kg8 10. d5 Bf7 11. Qf3 Nbd7 12. Be3 c6 13. Rad1 cxd5 14.
exd5 Rxe3 15. Qxe3 Ng4 16. Qf3 Bd4+ 17. Kh1 Qh4 18.
h3 Nf2+ 19. Kh2 Nxd1 20. Rxd1 Bxc3 21. bxc3 Qf6 22. c4 Re8 23. g4 Nc5 24. f5 g5 25.
Qg3 1-0

[Event "Early-Titled-Tuesday-Blitz-April-23-2024"]
[Site "Chess.com"]
[Date "2024.04.23"]
[Round "3"]
[White "Nf3c5"]
[Black "Caracal3000"]
[Result "1-0"]
[WhiteElo "2657"]
[BlackElo "2476"]
[TimeControl "180+1"]
[EndTime "8:28:28 PDT"]
[Termination "Nf3c5 won by checkmate"]

1. e4 e5 2. Nf3 Nc6 3. Nc3 Nf6 4. h3 d5 5. exd5 Nxd5 6. Bb5 Nxc3 7. bxc3 Bd6 8. O-O O-O 9. d4 Bd7 10. Rb1 Re8 11. Re1 exd4 12. cxd4 Rxe1+ 13. Qxe1 Qe8 14. Qd1 b6 15. c4 Na5 16. Bxd7 Qxd7 17. c5 Bxc5 18.
Be3 Bd6 19. Qc2 Qc6 20. Qf5 Re8 21. Ng5 h6 22. Qxf7+ Kh8 23. d5 Qa4 24. Ne6 Be5 25.
Re1 Bf6 26. Bxh6 Re7 27. Bxg7+ Kh7 28. Nf8# 1-0

[Event "Early-Titled-Tuesday-Blitz-April-23-2024"]
[Site "Chess.com"]
[Date "2024.04.23"]
[Round "3"]
[White "BashirovKemal"]
[Black "kekic76"]
[Result "1/2-1/2"]
[WhiteElo "2729"]
[BlackElo "2337"]
[TimeControl "180+1"]
[EndTime "8:28:28 PDT"]
[Termination "Game drawn by agreement"]

1. e4 c6 2. d4 d5 3. Nc3 dxe4 4. Nxe4 Bf5 5. Ng3 Bg6 6. h4 h6 7.
Nf3 Nd7 8. h5 Bh7 9. Bd3 Bxd3 10. Qxd3 Ngf6 11. Bf4 Qa5+ 12. Bd2 Qc7 13. O-O-O O-O-O 14. Kb1 e6 15. Qe2 Bd6 16. Ne4 Nxe4 17. Qxe4 Nf6 18.
Qe2 Rhe8 19. Ne5 Bxe5 20. dxe5 Nd7 21. f4 Nb6 22. c4 Qe7 23. Be3 Qb4 24. Bxb6 Qxb6 25. b3 Rxd1+ 26. Rxd1 Rd8 27. Kc2 Qa5 28. Rxd8+ Qxd8 29. Qg4 Qa5 30. a4 Qc5 31. Qxg7 Qf2+ 32. Kb1 Qe1+ 33. Ka2 Qd2+ 34. Ka3 Qc1+ 35. Kb4 Qd2+ 36.
Ka3 1/2-1/2

[Event "Early-Titled-Tuesday-Blitz-April-23-2024"]
[Site "Chess.com"]
[Date "2024.04.23"]
[Round "3"]
[White "NovakRatko"]
[Black "m_ezat"]
[Result "1-0"]
[WhiteElo "2387"]
[BlackElo "2597"]
[TimeControl "180+1"]
[EndTime "8:28:29 PDT"]
[Termination "NovakRatko won by resignation"]

1. d4 Nf6 2. c4 g6 3. Nc3 Bg7 4. e4 O-O 5. f3 d6 6. Be3 Nc6 7.
Qd2 a6 8. d5 Ne5 9. g4 e6 10. Be2 exd5 11. cxd5 h5 12. h3 c5 13. f4 Ned7 14. g5 Nh7 15. a4 Re8 16. Bd3 c4 17.
Bxc4 Bxc3 18. bxc3 Rxe4 19. Bd3 Re8 20. Nf3 Nc5 21.
Bc2 Nf8 22. Kf1 Ne4 23. Qe1 Nd7 24. Kg2 Ndc5 25. Bd4 Bf5 26. Qb1 Nxg5 27. Bxf5 Nxf3 28. Kxf3 Qe7 29. Bd3 Qd7 30. Bxg6 f6 31. Bxe8 Rxe8 32. Rg1+ Kf8 33. Qg6 Qxh3+ 34. Rg3 Qd7 35. Bxf6 Qf7 36.
Qh6+ 1-0

[Event "Early-Titled-Tuesday-Blitz-April-23-2024"]
[Site "Chess.com"]
[Date "2024.04.23"]
[Round "3"]
[White "DarZay"]
[Black "Manukyan_Artak"]
[Result "1-0"]
[WhiteElo "2302"]
[BlackElo "2461"]
[TimeControl "180+1"]
[EndTime "8:28:30 PDT"]
[Termination "DarZay won on time"]

1. e4 c6 2. d4 d5 3. Nc3 dxe4 4. Nxe4 Nf6 5. Nxf6+ exf6 6. c3 Bd6 7. Bd3 O-O 8. Be3 Re8 9. Qc2 h6 10. O-O-O Be6 11.
Kb1 b5 12. h4 a5 13. Nf3 Nd7 14.
Rdg1 Bd5 15. Rh3 Nb6 16. g4 Nc4 17. Bc1 b4 18. cxb4 axb4 19. Bxc4 Be4 20. Bd3 Qa5 21. a4 b3 22. Qxb3 Reb8 23. Qxb8+ Rxb8 24. Bxe4 Qxa4 25. g5 Ra8 26. gxf6 Qa2+ 27. Kc2 Qc4+ 28. Kd1 Ra1 29. Bc2 g6 30. Re1 Bf4 31. Nd2 Qxd4 32. Rd3 Qxf6 33. Nb3 1-0

[Event "Early-Titled-Tuesday-Blitz-April-23-2024"]
[Site "Chess.com"]
[Date "2024.04.23"]
[Round "3"]
[White "Jospem"]
[Black "grzechu96"]
[Result "1-0"]
[WhiteElo "3088"]
[BlackElo "2785"]
[TimeControl "180+1"]
[EndTime "8:28:31 PDT"]
[Termination "Jospem won on time"]

1. e4 e5 2. Nf3 Nc6 3. Bb5 a6 4. Ba4 Nf6 5. d3 b5 6. Bb3 Bc5 7. c3 d6 8. Bg5 h6 9. Bh4 Rb8 10. Nbd2 Bb6 11. Qe2 Qe7 12. Nf1 Be6 13. Ne3 g5 14.
Bg3 Bxe3 15. fxe3 a5 16. O-O a4 17. Bc2 Nd7 18. Nd2 f6 19. d4 Nd8 20. b3 a3 21.
Bd3 c6 22. d5 cxd5 23. exd5 Bxd5 24. Bxb5 h5 25. Bxd7+ Kxd7 26. h3 h4 27. Bf2 Ne6 28. Rad1 Rhd8 29. Qg4 Ke8 30. e4 Bc6 31. Be3 Nf4 32. Bxf4 exf4 33. Nf3 Bxe4 34. Rfe1 Kf8 35. c4 Kg8 36. Nxh4 Re8 37. Nf5 Qa7+ 38. Kh2 Bxf5 39. Qxf5 Qf7 40. Rxe8+ Rxe8 41. Rxd6 Re2 42. Rxf6 1-0

[Event "Early-Titled-Tuesday-Blitz-April-23-2024"]
[Site "Chess.com"]
[Date "2024.04.23"]
[Round "3"]
[White "Oleksandr_Bortnyk"]
[Black "JSPrepz"]
[Result "1-0"]
[WhiteElo "3110"]
[BlackElo "2804"]
[TimeControl "180+1"]
[EndTime "8:28:32 PDT"]
[Termination "Oleksandr_Bortnyk won on time"]

1. e4 e6 2. Nf3 d5 3. e5 c5 4. d4 cxd4 5. Bd3 Nc6 6. O-O Nge7 7. Bf4 Ng6 8. Bg3 Qb6 9. Nbd2 Qxb2 10. Nb3 Bd7 11.
h4 Qc3 12. h5 Nge7 13. Bf4 Qb4 14. a4 Qb6 15. a5 Qc7 16. a6 b6 17. Nbxd4 Nxd4 18. Nxd4 Nc6 19. Nb5 Qd8 20. Qg4 g6 21. hxg6 hxg6 22. Bg5 Nxe5 23. Qg3 f6 24. Qxe5 Kf7 25.
Nd6+ Bxd6 26. Qxd6 fxg5 27. f4 g4 28. Rae1 Qe7 29.
Bxg6+ Kf6 30. Qe5+ Kxg6 31. f5+ Kh7 32. fxe6 Be8 33.
Rf6 Rg8 34. Qh2+ 1-0

[Event "Early-Titled-Tuesday-Blitz-April-23-2024"]
[Site "Chess.com"]
[Date "2024.04.23"]
[Round "3"]
[White "kylelancman"]
[Black "Smoking_Crow"]
[Result "1-0"]
[WhiteElo "2501"]
[BlackElo "2650"]
[TimeControl "180+1"]
[EndTime "8:28:32 PDT"]
[Termination "kylelancman won by resignation"]

1. e4 e5 2. Nf3 Nc6 3. Nc3 Nf6 4. a3 d5 5. Bb5 d4 6. Ne2 Bd6 7. Bxc6+ bxc6 8. d3 h6 9. O-O c5 10. b3 Be6 11. Ne1 g5 12. Ng3 Qd7 13. h3 O-O-O 14. b4 c4 15. dxc4 Bxc4 16. Nd3 Rdg8 17. Qf3 Qe6 18. Re1 g4 19. hxg4 Rxg4 20. Qf5 Rhg8 21. Qxe6+ Bxe6 22. Bxh6 Nh5 23. Nxh5 Rxg2+ 24. Kf1 Rh2 25.
Ng7 Bg4 26. Nf5 Bf3 27. Ng3 Rxh6 28. Reb1 Be7 29. Ke1 Bg5 30. Nxe5 Rgh8 31. Nxf3 Bf4 32. Ke2 Re8 33. Rg1 Rc6 34. Kd3 Rc3+ 35. Ke2 Rxc2+ 36. Kf1 d3 37. Rd1 Rd8 38. Kg2 d2 39. Ne2 Bh6 40. Ned4 Ra2 41. Nf5 Bf4 42. Ne3 Rd3 43. Kf1 Bxe3 44.
fxe3 Rxe3 45. Kf2 Rd3 46. Ke2 Rdxa3 47. Rxd2 Rxd2+ 48. Nxd2 Ra4 49. Rb1 Kb7 50. Kd3 Kb6 51. Kc3 Kb5 52. Nb3 Ra2 53. Rf1 Re2 54. Nd4+ 1-0

[Event "Early-Titled-Tuesday-Blitz-April-23-2024"]
[Site "Chess.com"]
[Date "2024.04.23"]
[Round "3"]
[White "komogro"]
[Black "Fandorine"]
[Result "0-1"]
[WhiteElo "2546"]
[BlackElo "2904"]
[TimeControl "180+1"]
[EndTime "8:28:33 PDT"]
[Termination "Fandorine won on time"]

1. d4 Nf6 2. c4 e6 3. Nf3 d5 4. Nc3 dxc4 5. e4 b5 6. e5 Nd5 7. Nxb5 Nb6 8. Be2 Bb7 9. Nc3 Nc6 10.
h4 Qd7 11. h5 Ne7 12. Rh3 h6 13.
Kf1 Nf5 14. Be3 Bb4 15. Kg1 Bxc3 16. bxc3 O-O 17. Nd2 Nd5 18. Qc2 c5 19. Ne4 cxd4 20.
cxd4 Nxd4 21. Bxd4 Nf4 22. Bc5 Nxh3+ 23. gxh3 Rfc8 24.
Rd1 Qc7 25. Bd6 Qa5 26. Rd4 c3 27. f3 Qb6 0-1

[Event "Early-Titled-Tuesday-Blitz-April-23-2024"]
[Site "Chess.com"]
[Date "2024.04.23"]
[Round "3"]
[White "andriipalchuk"]
[Black "KanalSzachowy"]
[Result "1-0"]
[WhiteElo "2617"]
[BlackElo "2413"]
[TimeControl "180+1"]
[EndTime "8:28:33 PDT"]
[Termination "andriipalchuk won on time"]

1. d4 Nf6 2. c4 e6 3. g3 Bb4+ 4.
Bd2 Qe7 5. Nf3 Nc6 6. Nc3 O-O 7.
Bg2 d5 8. cxd5 exd5 9. O-O h6 10.
Rc1 Bf5 11. Bf4 a6 12. Ne5 Rad8 13. Nxc6 bxc6 14. Na4 Bg4 15. Bf3 Bh3 16. Bg2 Bg4 17. Be5 Nd7 18. h3 Nxe5 19. hxg4 Nc4 20. b3 Nd2 21. e3 Nxf1 22. Bxf1 Rd6 23. Bd3 Rf6 24. Kg2 Re8 25. Qe2 Qd7 26. Rf1 Rg6 27. Bxg6 fxg6 28. Rc1 Re4 29. Qxa6 Qxg4 30. Rc2 Bd6 31.
Qe2 Rxe3 32. Qxg4 1-0

[Event "Early-Titled-Tuesday-Blitz-April-23-2024"]
[Site "Chess.com"]
[Date "2024.04.23"]
[Round "3"]
[White "kiwibobo"]
[Black "bescmelasti"]
[Result "0-1"]
[WhiteElo "2310"]
[BlackElo "2595"]
[TimeControl "180+1"]
[EndTime "8:28:33 PDT"]
[Termination "bescmelasti won by resignation"]

1. e4 c5 2. Nf3 e6 3. d4 cxd4 4. Nxd4 Nf6 5. Nc3 Nc6 6. Nxc6 bxc6 7. e5 Nd5 8. Ne4 Bb7 9. c4 Nb4 10. a3 Qa5 11. Bd2 Qxe5 12. axb4 Qxe4+ 13. Qe2 Qxe2+ 14. Bxe2 c5 15. bxc5 Bxc5 16. b4 Bd4 17. Ra3 Bxg2 18. Rg1 Be4 19. c5 O-O 20. Bb5 Rfd8 21. Ke2 a5 22.
Rxa5 Rxa5 23. bxa5 Bxc5 24. Be3 Bxe3 25. Kxe3 Bd5 26.
Kd4 d6 27. a6 Kf8 28. Ra1 Ke7 29. a7 Ra8 30. Bd3 Kd7 31. Bxh7 g6 32. h4 Rh8 33. h5 Rxh7 34. hxg6 Rh8 35. g7 Rg8 36. f4 Ba8 37. Rb1 Kc7 38. Rb8 Rxg7 39. Rxa8 Kb7 40. Rd8 Kxa7 41. Rxd6 Kb7 42. Ke5 Kc7 43. Kf6 Kxd6 44.
Kxg7 Ke7 45. f5 exf5 0-1

[Event "Early-Titled-Tuesday-Blitz-April-23-2024"]
[Site "Chess.com"]
[Date "2024.04.23"]
[Round "3"]
[White "littlepinkyboy"]
[Black "wild3000"]
[Result "1-0"]
[WhiteElo "2659"]
[BlackElo "2478"]
[TimeControl "180+1"]
[EndTime "8:28:34 PDT"]
[Termination "littlepinkyboy won by checkmate"]

1. e4 e6 2. d4 a6 3. Nf3 b5 4.
Bd3 Bb7 5. O-O d6 6. Qe2 Nf6 7.
a4 b4 8. c3 c5 9. dxc5 dxc5 10.
cxb4 cxb4 11. Bf4 Be7 12. Nbd2 O-O 13. Nc4 Nbd7 14. Rfd1 Nc5 15. Bc2 Qe8 16. Nd6 Qc6 17. Rac1 Rfd8 18. Nxf7 Rxd1+ 19. Rxd1 Ncxe4 20. N7e5 Qe8 21. Nd4 Bf8 22. Bb3 Bd5 23. Rc1 Bxb3 24. Nxb3 Rd8 25.
Qxa6 g5 26. Be3 Nd5 27. Nd4 Ra8 28. Qd3 Nc5 29. Qe2 Rxa4 30. Bxg5 Bg7 31. Rxc5 Ra1+ 32.
Rc1 Rxc1+ 33. Bxc1 Qa8 34. Nef3 Qa1 35. Qxe6+ Kh8 36.
Qe8+ Bf8 37. Qxf8# 1-0

[Event "Early-Titled-Tuesday-Blitz-April-23-2024"]
[Site "Chess.com"]
[Date "2024.04.23"]
[Round "3"]
[White "MatthewG-p4p"]
[Black "MatyChess1"]
[Result "1-0"]
[WhiteElo "2899"]
[BlackElo "2671"]
[TimeControl "180+1"]
[EndTime "8:28:35 PDT"]
[Termination "MatthewG-p4p won on time"]

1. e4 c6 2. d4 d5 3. exd5 cxd5 4. Bd3 Nf6 5. h3 g6 6. Nf3 Bf5 7. Be2 e6 8. O-O Nc6 9. Re1 Bd6 10. Bb5 Qb6 11.
Ba4 h5 12. c3 Ne4 13. Nbd2 Qc7 14. Nxe4 Bxe4 15. Ng5 Bf5 16. Qf3 O-O-O 17. g4 hxg4 18.
hxg4 Be4 19. Nxe4 dxe4 20. Qxe4 Ne7 21. Bg5 Kb8 22. Bb3 Rh3 23. Kg2 Rh2+ 24. Kf3 Rdh8 25. Ke2 f5 26. Qxe6 fxg4 27. Kd3 Nf5 28. Qxg6 R8h3+ 29.
Be3 Nxe3 30. Qe8+ Qc8 31. Qxc8+ Kxc8 32. Rxe3 Rxf2 33. Be6+ Kc7 34. Bxg4 Rxe3+ 35. Kxe3 Rxb2 36. Kd3 Rg2 37. Bf3 Rf2 38. Bd5 Rb2 39. Rh1 b5 40.
Rh7+ Kb6 41. Rb7+ Ka6 42. Rd7 Bg3 43. Rg7 Be1 44. Rg6+ Ka5 45. Bb7 1-0

[Event "Early-Titled-Tuesday-Blitz-April-23-2024"]
[Site "Chess.com"]
[Date "2024.04.23"]
[Round "3"]
[White "GP9isback23"]
[Black "GMAneta"]
[Result "0-1"]
[WhiteElo "2657"]
[BlackElo "2504"]
[TimeControl "180+1"]
[EndTime "8:28:37 PDT"]
[Termination "GMAneta won by resignation"]

1. d4 Nf6 2. Nf3 c5 3. e3 d5 4. Be2 Nc6 5. O-O Bg4 6. b3 cxd4 7. exd4 e6 8. Bb2 Bd6 9. Nbd2 O-O 10. a3 Rc8 11. c4 b6 12. Ne5 Bxe2 13. Qxe2 dxc4 14. Ndxc4 Ne7 15. Rac1 Ned5 16. g3 Qe7 17. Rfd1 Rc7 18. b4 Rfc8 19. b5 Bxe5 20. dxe5 Nd7 21. Nd6 Rxc1 22. Rxc1 Rxc1+ 23. Bxc1 Nc3 24. Qe3 Nd5 25. Qd4 Qd8 26. Bd2 Qc7 27. Bb4 Qc2 28. Kg2 h5 29.
h4 Qe2 30. Bc3 Nc5 31. Bb4 Nd3 32. Ne4 Kh7 33. Ng5+ Kg8 34. Qe4 Qxf2+ 35. Kh3 N5f4+ 36. gxf4 Nxf4+ 0-1

[Event "Early-Titled-Tuesday-Blitz-April-23-2024"]
[Site "Chess.com"]
[Date "2024.04.23"]
[Round "3"]
[White "Korchmar_Vasiliy"]
[Black "KuzubovYuriy"]
[Result "0-1"]
[WhiteElo "2711"]
[BlackElo "2933"]
[TimeControl "180+1"]
[EndTime "8:28:40 PDT"]
[Termination "KuzubovYuriy won on time"]

1. e4 e5 2. Nf3 Nf6 3. Nc3 d6 4. d4 Nbd7 5. Bc4 Be7 6. O-O O-O 7. Re1 c6 8. a4 Qc7 9. h3 b6 10. Be3 Bb7 11. Bf1 Rfe8 12. a5 Rad8 13. a6 Bc8 14. d5 cxd5 15. Nb5 Qb8 16. exd5 Nc5 17. Bxc5 bxc5 18.
c4 Bf8 19. Qa4 Nd7 20. Qa5 Nb6 21. b4 cxb4 22. Rab1 Bd7 23. Rxb4 Bxb5 24. Rxb5 Qc7 25. Rc1 g6 26. h4 Rc8 27. h5 e4 28. Nd4 e3 29. fxe3 Bh6 30. Nc2 Rxe3 31. Nxe3 Bxe3+ 32. Kh1 Bxc1 33. Qe1 Bf4 34. Qh4 Be5 35. Rb1 Qd8 36. Qxd8+ Rxd8 37. Be2 Bd4 38. h6 Kf8 39. Bd3 Re8 40.
g4 Re3 41. Bf1 Rh3+ 42. Kg2 Rxh6 43. Rd1 Bc5 44. Be2 g5 0-1

[Event "Early-Titled-Tuesday-Blitz-April-23-2024"]
[Site "Chess.com"]
[Date "2024.04.23"]
[Round "3"]
[White "kecalk"]
[Black "Witik"]
[Result "0-1"]
[WhiteElo "2520"]
[BlackElo "2760"]
[TimeControl "180+1"]
[EndTime "8:28:40 PDT"]
[Termination "Witik won by checkmate"]

1. d4 Nf6 2. Nf3 g6 3. e3 d5 4. Be2 Bg7 5. O-O O-O 6. b4 Ne4 7. Nfd2 Nd6 8. c4 e5 9. c5 Nf5 10. Nb3 exd4 11. exd4 Nc6 12. Bb2 Nxb4 13. N1d2 Re8 14.
Nf3 a5 15. a4 b6 16. Bc3 Rxe2 17. Qxe2 Ba6 18. Qd2 Bxf1 19. Rxf1 Nc6 20. Re1 Qd7 21.
Qd3 h5 22. Qb5 Rb8 23. Qd3 Bf6 24. cxb6 cxb6 25. Ne5 Bxe5 26. dxe5 d4 27. Rd1 Nxe5 28.
Qe4 Re8 29. Nxd4 Ng4 30. Qf4 Qxa4 31. h3 Qxd1+ 32. Be1 Qxe1# 0-1

[Event "Early-Titled-Tuesday-Blitz-April-23-2024"]
[Site "Chess.com"]
[Date "2024.04.23"]
[Round "3"]
[White "theoneandonlydaaevik"]
[Black "mapleaff"]
[Result "1-0"]
[WhiteElo "2580"]
[BlackElo "2265"]
[TimeControl "180+1"]
[EndTime "8:28:40 PDT"]
[Termination "theoneandonlydaaevik won by resignation"]

1. d4 d5 2. c4 e6 3. Nf3 Nf6 4. Nc3 Bb4 5. Qa4+ Nc6 6. e3 O-O 7. Qc2 Ne4 8. Bd2 Nxd2 9. Nxd2 dxc4 10. Nxc4 b6 11. Bd3 h6 12. a3 Bxc3+ 13. Qxc3 Bb7 14.
O-O a5 15. Be4 Qc8 16. Rfd1 Ne7 17. Bxb7 Qxb7 18. Ne5 f6 19. Nd3 Nd5 20. Qc2 c6 21.
Rac1 Rac8 22. e4 Ne7 23. Nf4 Qd7 24. Qb3 Kf7 25. Qxb6 Rb8 26. Qxa5 Rxb2 27. g3 g5 28. Nd3 Rb5 29. Qc3 Ra8 30. Nc5 Qd6 31. e5 Qd5 32.
a4 Rbb8 33. exf6 Nf5 34. a5 Nd6 35. a6 Nb5 36. Qe3 Re8 37. Qe5 Qxe5 38. dxe5 Rad8 39. Nb7 Rxd1+ 40. Rxd1 Rb8 41. Rd7+ Kg6 42. Nd6 Nxd6 43. Rxd6 Rb1+ 44. Kg2 Ra1 45. Rxc6 Kf5 46. f7 1-0

[Event "Early-Titled-Tuesday-Blitz-April-23-2024"]
[Site "Chess.com"]
[Date "2024.04.23"]
[Round "3"]
[White "Smiechu"]
[Black "Byniolus"]
[Result "1-0"]
[WhiteElo "2472"]
[BlackElo "2834"]
[TimeControl "180+1"]
[EndTime "8:28:41 PDT"]
[Termination "Smiechu won on time"]

1. e4 d6 2. d4 Nf6 3. Nc3 c6 4. Be3 Qb6 5. Qd2 Qxb2 6. Rb1 Qa3 7. Nf3 e6 8. Bd3 d5 9. exd5 exd5 10. O-O Bb4 11.
Rb3 Qa5 12. Qe2 O-O 13. Bd2 Re8 14. Qd1 Bg4 15. Re1 Nbd7 16. a3 Bxc3 17. Bxc3 Qc7 18.
Rb1 Ne4 19. Bb4 a5 20. Bd2 Nxd2 21. Qxd2 Bxf3 22. gxf3 Nf8 23. f4 b5 24. Kh1 Rxe1+ 25. Rxe1 Ne6 26. f5 Nxd4 27. Qe3 Qd6 28. Qxd4 Qxa3 29. f6 Qb4 30. Qe3 g6 31. Qh6 Qxe1+ 32. Kg2 1-0

[Event "Early-Titled-Tuesday-Blitz-April-23-2024"]
[Site "Chess.com"]
[Date "2024.04.23"]
[Round "3"]
[White "AktilekAskarovich"]
[Black "goodluck06"]
[Result "0-1"]
[WhiteElo "2487"]
[BlackElo "2676"]
[TimeControl "180+1"]
[EndTime "8:28:42 PDT"]
[Termination "goodluck06 won on time"]

1. d4 Nf6 2. c4 g6 3. Nf3 Bg7 4. e3 O-O 5. Be2 d6 6. O-O a5 7. Nc3 Bf5 8. b3 e5 9. Bb2 e4 10. Nd2 h5 11. a3 Nc6 12. Qb1 Re8 13. b4 axb4 14. axb4 Nxb4 15. Ba3 Nd3 16. Qxb7 c5 17. dxc5 Ng4 18. Qb3 dxc5 19. h3 Ngxf2 20. Ra2 Qg5 21. Rxf2 Qxe3 22. Bxd3 exd3 23. Nd1 Qe1+ 24. Rf1 Bd4+ 25.
Kh1 Qg3 26. Nf3 Re2 27. Nh4 Qxh4 0-1

[Event "Early-Titled-Tuesday-Blitz-April-23-2024"]
[Site "Chess.com"]
[Date "2024.04.23"]
[Round "3"]
[White "shimastream"]
[Black "toninhojit"]
[Result "1-0"]
[WhiteElo "3042"]
[BlackElo "2556"]
[TimeControl "180+1"]
[EndTime "8:28:43 PDT"]
[Termination "shimastream won by resignation"]

1. e4 c5 2. Nf3 d6 3. d4 cxd4 4. Nxd4 Nf6 5. Nc3 a6 6. Rg1 e5 7. Nb3 Be6 8. g4 h6 9. h4 Nbd7 10. g5 hxg5 11. hxg5 Nh5 12. g6 fxg6 13. Rxg6 Bf7 14. Rg1 Ndf6 15. Be3 Nf4 16. Qd2 Ne6 17. O-O-O Qc7 18. Kb1 O-O-O 19. Nd5 Nxd5 20. exd5 Nf4 21. Bxf4 exf4 22. Qxf4 Bh5 23. Rd3 Kb8 24. Nd4 Bf7 25.
Ne6 Bxe6 26. dxe6 Re8 27. Bg2 Rxe6 28. Rb3 d5 29. Qxc7+ Kxc7 30. Rxb7+ Kxb7 31. Bxd5+ Kb6 32. Bxe6 Bc5 33. a3 Bd4 34. Rg4 Bf6 35. Rb4+ Kc5 36. f4 a5 37. Ra4 Kb6 38. f5 Rh1+ 39. Ka2 Re1 40. Rc4 Re2 41. c3 g5 42. Bd5 Rf2 43. Rc6+ 1-0

[Event "Early-Titled-Tuesday-Blitz-April-23-2024"]
[Site "Chess.com"]
[Date "2024.04.23"]
[Round "3"]
[White "rionelG"]
[Black "Vse_po_kaify"]
[Result "0-1"]
[WhiteElo "2222"]
[BlackElo "2578"]
[TimeControl "180+1"]
[EndTime "8:28:43 PDT"]
[Termination "Vse_po_kaify won on time"]

1. e4 e5 2. Nf3 Nf6 3. Nxe5 d6 4. Nf3 Nxe4 5. d3 Nf6 6. d4 d5 7. Bd3 Bd6 8. Qe2+ Be6 9. Ng5 Qd7 10. Nc3 O-O 11.
Nxe6 Re8 12. O-O c6 13. Bg5 Qxe6 14. Qf3 Nbd7 15. Ne2 Qg4 16. Qxg4 Nxg4 17. h3 Ngf6 18. Rae1 Ne4 19. Be3 h6 20. c3 Ndf6 21. f3 Ng5 22.
Bf2 Re7 23. Ng3 Rae8 24. Rxe7 Bxe7 25. Nf5 Ne6 26. Bh4 Bd8 27. Re1 Kf8 28. Nd6 Re7 29.
Bxf6 gxf6 30. Nf5 Re8 31. Nxh6 Nf4 32. Rxe8+ Kxe8 33. Bf1 b5 34. Nf5 a5 35. Kf2 b4 36.
g3 Ne6 37. h4 c5 38. Ke3 Bb6 39. h5 Kf8 40. Bb5 Nc7 41. Bc6 cxd4+ 42. cxd4 Ba7 43.
Kd3 Kg8 44. Kc2 Kh7 45. Kb3 Ne6 0-1

[Event "Early-Titled-Tuesday-Blitz-April-23-2024"]
[Site "Chess.com"]
[Date "2024.04.23"]
[Round "3"]
[White "PawnEatingZombie"]
[Black "YouShallNotPass001"]
[Result "0-1"]
[WhiteElo "2230"]
[BlackElo "2438"]
[TimeControl "180+1"]
[EndTime "8:28:43 PDT"]
[Termination "YouShallNotPass001 won by checkmate"]

1. e4 Nf6 2. e5 Ne4 3. d3 Nc5 4. d4 Ne6 5. c4 c5 6. d5 Nc7 7. Nc3 d6 8. f4 g6 9. Nf3 Bg7 10. h3 Nd7 11. Bd3 b5 12. O-O bxc4 13. Bxc4 Nb6 14. exd6 exd6 15. Re1+ Kf8 16. Bf1 Bb7 17.
f5 Ncxd5 18. Nxd5 Bxd5 19. fxg6 hxg6 20. Bf4 Rh5 21. Qd2 Kg8 22. Ng5 Bd4+ 23. Kh2 Bf6 24. Ne4 Bxe4 25. Rxe4 d5 26. Ree1 Nc4 27. Bxc4 dxc4 28.
Qe2 Rf5 29. Bg3 Qd3 30. Rad1 Qxe2 31. Rxe2 c3 32. bxc3 Bxc3 33. Rc2 Bd4 34. Rb1 a5 35.
Rb7 a4 36. Bd6 Kg7 37. Rb5 Rd5 38. Bg3 Re8 39. a3 Re3 40. Ra2 Rb3 41. Ra5 Rb1 42. Bf4 Bg1+ 43. Kg3 Rb3+ 44. Kg4 Bd4 45. Rxa4 f5+ 46. Kg5 Bf6# 0-1

[Event "Early-Titled-Tuesday-Blitz-April-23-2024"]
[Site "Chess.com"]
[Date "2024.04.23"]
[Round "3"]
[White "inagreV"]
[Black "abelmat"]
[Result "1-0"]
[WhiteElo "2370"]
[BlackElo "2048"]
[TimeControl "180+1"]
[EndTime "8:28:43 PDT"]
[Termination "inagreV won on time"]

1. e4 e6 2. d4 d5 3. Nc3 dxe4 4.
Nxe4 Nd7 5. Nf3 Ngf6 6. Nxf6+ Nxf6 7. Be3 Be7 8. Bd3 O-O 9. Qe2 b6 10. O-O-O Bb7 11. Ne5 c5 12. dxc5 Qc7 13. c6 Bxc6 14.
Nxc6 Qxc6 15. Bb5 Qc7 16. Bg5 a6 17. Bxa6 Qc5 18. Be3 Qa5 19. Bc4 b5 20. Bb3 Nd5 21. Bd4 b4 22. g3 Nc3 23. bxc3 bxc3 24. a4 Bf6 25. Bxf6 gxf6 26. Qg4+ Kh8 27. Qd4 e5 28. Qd6 Ra6 29. Qa3 Raa8 30. Rd5 Qa6 31. Rhd1 Rab8 32. Rd6 1-0